 Dungeon Crawl Stone Soup version 0.31-a0-726-g3c93526463 (webtiles) character file.

Game seed: 17033793605708545375

2779702 tensugalgo the Rhythm of Life and Death (level 27, 273/273 HPs)
             Began as a Minotaur Brigand on Sept 11, 2023.
             Was a Follower of Uskayaw.
             Escaped with the Orb
             ... and 5 runes!
             The game lasted 02:31:16 (84576 turns).

tensugalgo the Rhythm of Life and Death (MiBr)     Turns: 84576, Time: 02:31:17

Health: 273/273    AC: 51    Str: 23    XL:     27
Magic:  48/48      EV: 21    Int: 12    God:    Uskayaw [*.....]
Gold:   7028       SH: 15    Dex: 23    Spells: 22/26 levels left

rFire   + + +        Z - +9 quick blade (venom)
rCold   + + .        R - +0 kite shield {reflect}
rNeg    + . .        m - +14 crystal plate armour "Baifacre" {rElec rPois Str-2}
rPois   +            r - +1 hat
rElec   +            y - scarf {rC+ rF+}
rCorr   +            W - +1 pair of gloves "Ugux" {rF+ Str+2}
SInv    .            L - +0 pair of boots of Vlad {rF++ Will+ Dex+3 Slay+2}
Will    ++++.        l - macabre finger necklace {Finger+ rN+} Stlth
                     b - ring "Gafadgh" {rElec AC+4 Slay+3}
HPRegen 0.65/turn    D - ring of protection from cold
MPRegen 0.31/turn    h - ring "Aluttizi" {rF+ Will+ rCorr MP+9 Str+3}

%: reflection
@: studying 3 skills
A: horns 2, retaliatory headbutt, claws 1, clever 1, sturdy frame 1
0: Orb of Zot
}: 5/15 runes: decaying, slimy, silver, abyssal, gossamer
a: Renounce Religion, Stomp


You escaped.
You worshipped Uskayaw.
Uskayaw was exalted by your worship.
You visited 12 branches of the dungeon, and saw 54 of its levels.
You visited the Abyss 1 time.
You also visited: Trove, Sewer, Gauntlet, Ice Cave and Wizlab.

You collected 8797 gold pieces.
You spent 1769 gold pieces at shops.

Inventory:

Hand Weapons
 o - the +8 falchion "Ommaloasm" {flame, rElec Will+ rCorr Dex+3}
   (You found it on level 2 of the Dungeon)

   Dex+3:     It affects your dexterity (+3).
   rElec:     It insulates you from electricity.
   Will+:     It increases your willpower.
   rCorr:     It protects you from acid and corrosion.
 Z - a +9 quick blade of venom (weapon)
Missiles
 e - 12 curare-tipped darts
 i - 13 silver javelins
 s - 5 darts of dispersal
 C - 10 javelins
 G - 2 throwing nets
 N - 40 boomerangs (quivered)
Armour
 k - the +1 faerie dragon scales {rPois rN+ rCorr HP+5 Str+3}
   (You took it off the Enchantress on level 2 of the Depths)

   Str+3:     It affects your strength (+3).
   rPois:     It protects you from poison rN+: It protects you from negative
   energy.
   HP+5:      It affects your health (+5).
   rCorr:     It protects you from acid and corrosion.
 m - the +14 crystal plate armour "Baifacre" (worn) {rElec rPois Str-2}
   (You found it in a treasure trove)

   Str-2:     It affects your strength (-2).
   rElec:     It insulates you from electricity.
   rPois:     It protects you from poison
 r - a +1 hat (worn)
 y - a scarf of resistance (worn)
 H - the +15 crystal plate armour of Patience {+Blink Dex+3}
   (You found it in a treasure trove)

   Dex+3:     It affects your dexterity (+3).
   +Blink:    It lets you blink.
 L - the +0 pair of boots of Vlad (worn) {rF++ Will+ Dex+3 Slay+2}
   (You found it on level 3 of the Elven Halls)

   Dex+3:     It affects your dexterity (+3).
   Slay+2:    It affects your accuracy & damage with ranged weapons and melee
   (+2).
   rF++:      It greatly protects you from fire.
   Will+:     It increases your willpower.
 R - a +0 kite shield of reflection (worn)
 W - the +1 pair of gloves "Ugux" (worn) {rF+ Str+2}
   (You found it on level 5 of the Pits of Slime)

   Str+2:     It affects your strength (+2).
   rF+:       It protects you from fire.
Jewellery
 b - the ring "Gafadgh" (left hand) {rElec AC+4 Slay+3}
   (You found it on level 4 of the Spider Nest)

   [ring of protection]

   AC+4:      It affects your AC (+4).
   Slay+3:    It affects your accuracy & damage with ranged weapons and melee
   (+3).
   rElec:     It insulates you from electricity.
 h - the ring "Aluttizi" (on amulet) {rF+ Will+ rCorr MP+9 Str+3}
   (You found it on level 5 of the Pits of Slime)

   [ring of willpower]

   Str+3:     It affects your strength (+3).
   rF+:       It protects you from fire.
   Will+:     It increases your willpower.
   MP+9:      It affects your magic capacity (+9).
   rCorr:     It protects you from acid and corrosion.
 l - the macabre finger necklace (around neck) {Finger+ rN+}
   (You found it on level 5 of the Pits of Slime)

   [amulet of nothing]

   Finger+:   It enables you to equip an extra ring.
   rN+:       It protects you from negative energy.
 D - a ring of protection from cold (right hand)
 J - a ring of see invisible
 V - the ring of Hedonism {Fly rPois}
   (You took it off a vault warden on level 5 of the Vaults)

   [ring of poison resistance]

   rPois:     It protects you from poison Fly: It grants you flight.
Wands
 F - a wand of polymorph (14)
 Q - a wand of charming (27)
 S - a wand of quicksilver (32)
 U - a wand of digging (17)
 Y - a wand of roots (55)
Scrolls
 p - 9 scrolls of revelation
 t - 14 scrolls of enchant armour
 u - 3 scrolls of blinking
 v - 18 scrolls of teleportation
 w - 5 scrolls of fog
 z - 9 scrolls of fear
 B - 7 scrolls of vulnerability
 P - 4 scrolls of silence
 X - 3 scrolls of summoning
Potions
 c - 4 potions of ambrosia
 f - a potion of heal wounds
 g - 7 potions of haste
 j - 8 potions of lignification
 n - 21 potions of enlightenment
 q - 9 potions of cancellation
 x - 4 potions of mutation
 A - 25 potions of curing
 E - 8 potions of might
 I - 8 potions of invisibility
 K - 5 potions of berserk rage
 O - 3 potions of resistance
Miscellaneous
 a - a phantom mirror (inert)
 d - a phial of floods
 M - a sack of spiders (inert)
 T - a condenser vane


   Skills:
 O Level 27 Fighting
 - Level 8.9(12.0) Short Blades
 - Level 13.8(15.0) Long Blades
 - Level 12.0 Throwing
 + Level 21.6 Armour
 - Level 25.2 Dodging
 - Level 3.2 Stealth
 - Level 16.0 Shields
 O Level 27 Invocations
 - Level 12.0 Evocations


You had 22 spell levels left.
You knew the following spells:

 Your Spells              Type           Power      Damage    Failure   Level
a - Blink                 Tloc           0%         N/A       100%        2
b - Lesser Beckoning      Tloc           0%         N/A       100%        2

Your spell library contained the following spells:

 Spells                   Type           Power      Damage    Failure   Level
 Freeze                   Ice            0%         1d3       99%         1
 Kiss of Death            Conj/Necr      0%         2d5       99%         1
 Magic Dart               Conj           0%         1d3       99%         1
 Shock                    Conj/Air       0%         1d3       99%         1
 Slow                     Hex            0%         N/A       99%         1
 Cigotuvi's Dreadful Rot  Necr/Pois/Air  0%         N/A       100%        2
 Ensorcelled Hibernation  Hex/Ice        0%         N/A       100%        2
 Jinxbite                 Hex            0%         N/A       100%        2
 Momentum Strike          Conj/Tloc      0%         3d8       100%        2
 Passwall                 Tmut/Erth      0%         N/A       100%        2
 Searing Ray              Conj           0%         2d4       100%        2
 Static Discharge         Conj/Air       0%         2-2/arc   100%        2
 Wereblood                Tmut           0%         N/A       100%        2
 Call Canine Familiar     Summ           0%         N/A       100%        3
 Confusing Touch          Hex            0%         N/A       100%        3
 Dazzling Flash           Conj/Hex       0%         N/A       100%        3
 Frozen Ramparts          Ice            0%         1d1       100%        3
 Gell's Gravitas          Tloc           0%         N/A       100%        3
 Hailstorm                Conj/Ice       0%         3d3       100%        3
 Ignite Poison            Fire/Tmut/Pois 0%         N/A       100%        3
 Inner Flame              Hex/Fire       0%         N/A       100%        3
 Ozocubu's Armour         Ice            0%         N/A       100%        3
 Sigil of Binding         Hex            0%         N/A       100%        3
 Stone Arrow              Conj/Erth      0%         3d7       100%        3
 Summon Guardian Golem    Hex/Summ       0%         N/A       100%        3
 Swiftness                Air            0%         N/A       100%        3
 Teleport Other           Tloc           0%         N/A       100%        3
 Tukima's Dance           Hex            0%         N/A       100%        3
 Vampiric Draining        Necr           0%         2d6       100%        3
 Volatile Blastmotes      Fire/Tloc      0%         2d10      100%        3
 Airstrike                Air            0%         2d(0-16)  100%        4
 Anguish                  Hex/Necr       0%         N/A       100%        4
 Animate Armour           Summ/Erth      0%         N/A       100%        4
 Cause Fear               Hex            0%         N/A       100%        4
 Dimensional Bullseye     Hex/Tloc       0%         N/A       100%        4
 Dispel Undead            Necr           0%         3d6       100%        4
 Flame Wave               Conj/Fire      0%         2d4       100%        4
 Fulminant Prism          Conj/Hex       0%         3d5       100%        4
 Iskenderun's Mystic Bla  Conj/Tloc      0%         2d3       100%        4
 Leda's Liquefaction      Hex/Erth       0%         N/A       100%        4
 Manifold Assault         Tloc           0%         N/A       100%        4
 Olgreb's Toxic Radiance  Pois           0%         N/A       100%        4
 Passage of Golubria      Tloc           0%         N/A       100%        4
 Petrify                  Tmut/Erth      0%         N/A       100%        4
 Sticky Flame             Conj/Fire      0%         2d3       100%        4
 Summon Ice Beast         Ice/Summ       0%         N/A       100%        4
 Summon Lightning Spire   Summ/Air       0%         N/A       100%        4
 Vhi's Electric Charge    Tloc/Air       0%         N/A       100%        4
 Alistair's Intoxication  Tmut/Pois      0%         N/A       100%        5
 Arcjolt                  Conj/Air       0%         1d10      100%        5
 Fireball                 Conj/Fire      0%         3d3       100%        5
 Irradiate                Conj/Tmut      0%         3d11      100%        5
 Iskenderun's Battlesphe  Conj           0%         2d6       100%        5
 Lee's Rapid Deconstruct  Erth           0%         3d4*      100%        5
 Metabolic Englaciation   Hex/Ice        0%         N/A       100%        5
 Silence                  Hex/Air        0%         N/A       100%        5
 Summon Forest            Summ/Tloc      0%         N/A       100%        5
 Summon Mana Viper        Hex/Summ       0%         N/A       100%        5
 Yara's Violent Unravell  Hex/Tmut       0%         3d3       100%        5
 Dispersal                Tloc           0%         N/A       100%        6
 Eringya's Noxious Bog    Tmut/Pois      0%         4d6       100%        6
 Leda's Unmaking          Conj/Erth      0%         9d1       100%        6
 Plasma Beam              Fire/Air       0%         2x1d10    100%        6
 Simulacrum               Ice/Necr       0%         N/A       100%        6
 Starburst                Conj/Fire      0%         6d3       100%        6
 Summon Cactus Giant      Summ           0%         N/A       100%        6
 Enfeeble                 Hex            0%         N/A       100%        7
 Orb of Destruction       Conj           0%         9d5       100%        7
 Ozocubu's Refrigeration  Ice            0%         4d7       100%        7
 Spellforged Servitor     Conj/Summ      0%         N/A       100%        7
 Summon Hydra             Summ           0%         N/A       100%        7
 Discord                  Hex            0%         N/A       100%        8
 Disjunction              Tloc           0%         N/A       100%        8
 Ignition                 Fire           0%         3d3       100%        8
 Lehudib's Crystal Spear  Conj/Erth      0%         10d2      100%        8
 Maxwell's Capacitive Co  Air            0%         ∞         100%        8
 Dragon's Call            Summ           0%         N/A       100%        9
 Polar Vortex             Ice            0%         N/A       100%        9


Dungeon Overview and Level Annotations

Branches:
Dungeon (15/15)            Temple (1/1) D:5            Lair (5/5) D:9
  Swamp (4/4) Lair:2       Spider (4/4) Lair:2        Slime (5/5) Lair:5
    Orc (2/2) D:12            Elf (3/3) Orc:2        Vaults (5/5) D:13
  Crypt (0/3) Vaults:3     Depths (4/4) D:15           Hell (visited)
    Dis (0/7) Hell            Geh (0/7) Hell            Coc (0/7) Hell
    Tar (0/7) Hell            Zot (5/5) Depths:4      Sewer (visited)
  IceCv (visited)          WizLab (visited)         Gauntlet (visited)

Altars:
Ashenzari
Cheibriados
Dithmenos
Elyvilon
Fedhas
Gozag
Hepliaklqana
Kikubaaqudgha
Makhleb
Nemelex Xobeh
Okawaru
Qazlal
Ru
Sif Muna
Trog
Uskayaw
Vehumet
Wu Jian
Xom
Yredelemnul
Zin
The Shining One
Jiyva

Shops:
D:3 [   D:9 *   D:11 (   D:13 (*?[   Orc:1 [   Orc:2 (*:(   Vaults:4 [[
Zot:5 *

Portals:
Hell: Depths:1 Depths:2 Depths:3 Depths:4
Abyss: Depths:2 Depths:3
Pandemonium: Depths:2
Ziggurat: Depths:4

Annotations:
D:13 3 transporters
Temple 2 transporters
Spider:3 1 runed translucent door, Iluol's ghost, adept TrSh
Elf:2 6 runed translucent doors, Asterion; Yphese Lihe's ghost, adept MiFi


Innate Abilities, Weirdness & Mutations

You have a pair of horns on your head.
You reflexively headbutt those who attack you in melee.
You have sharp fingernails.
Your mind is acute. (Int +4, Str/Dex -1)
Your movements are slightly less encumbered by armour. (ER -2)


Message History

What level of the Dungeon? (default 1, ? - help)
A sixfirhy comes into view.
The sixfirhy barely misses you. You furiously retaliate!
You headbutt the sixfirhy!
You hit the sixfirhy. x2; The sixfirhy is poisoned.
Your headbutt misses the sixfirhy.
The sixfirhy is heavily wounded.
You barely miss the sixfirhy. Your headbutt misses the sixfirhy.
You barely miss the sixfirhy. You headbutt the sixfirhy!
The sixfirhy is almost dead.
Unknown command.
You impale the sixfirhy!!
You kill the sixfirhy!
You can now pass through a line of other dancers.
No target in view!
You can no longer pass through a line of other dancers.
There is a stone staircase leading up here.
You climb upwards.
There is a stone staircase leading down here.
What level of the Dungeon? (default 1, ? - help)
An Ice Fiend comes into view.
The Ice Fiend moves out of view.
There is an escape hatch in the ceiling here.
A mysterious force pulls you upwards. The hatch slams shut behind you.
What level of the Dungeon? (default 1, ? - help)
There is a stone staircase leading up here.
You climb upwards.
There is a stone staircase leading down here.
A chaos spawn comes into view.
The chaos spawn moves out of view.
You feel yourself speed up.
Okay, then.
There is an open door here.
There is an open door here.
There is an open door here.
Your extra speed is starting to run out.
You feel yourself slow down.
There is an open door here.
There is a staircase leading out of the dungeon here.
You have escaped!

#....# #..
#.##.######..
#.#..........
#.#..########
#########.#..#
#............#
#.#####......#####
#.#...###........## #
#.#.@.'.###...##..# #
#.#...#...###..##.# #
#.#...#.#..###..#.###
#.#####+##.####.....#
#....#..##..# ##.##.#
#....'..#.#.## #..#.#
#....#....#..####...#
#.#####'##...#.###...
#.#...#.#.....####...


There were no monsters in sight!

Vanquished Creatures
  2 dread liches (Zot:5)
  2 ancient liches
  7 orbs of fire (Zot:5)
  A pandemonium lord (Depths:2)
  Boris (Vaults:5)
  Frederick (Vaults:5)
  4 curse toes
  4 Killer Klowns (Zot:5)
  Margery (Vaults:5)
  A caustic shrike (Zot:5)
  Geryon (Hell)
  10 golden dragons
  2 bone dragons
  Norris (Vaults:4)
  18 tentacled monstrosities
  3 electric golems
  26 Orb Guardians
  8 titans
  Rupert (Lair:5)
  4 deep elf blademasters (Elf:3)
  7 liches
  7 quicksilver dragons
  2 deep elf master archers (Elf:3)
  A walking frostbound tome (Depths:4)
  4 sphinxes
  A walking divine tome (Depths:3)
  12 acid blobs
  6 ancient champions (Hell)
  2 tentacled starspawn (Abyss:1)
  10 shadow dragons
  A tengu reaver (Vaults:5)
  12 death cobs
  A revenant (Vaults:3)
  2 thorn hunters
  7 storm dragons
  Donald (Spider:4)
  6 draconian monks
  Kirke (D:13)
  9 rockslimes
  11 azure jellies
  7 draconian knights
  11 fire giants
  6 iron dragons
  3 deep elf sorcerers
  5 emperor scorpions
  8 ghost moths
  20 vault wardens
  14 frost giants
  4 draconian scorchers
  2 deep elf elementalists
  10 draconian shifters
  2 balrugs
  5 reapers (Hell)
  5 draconian stormcallers
  9 draconian annihilators
  11 quicksilver oozes
  2 war gargoyles (Vaults:5)
  10 formless jellyfish
  26 stone giants
  9 spriggan defenders
  23 ironbound preservers
  12 very ugly things
  3 broodmothers
  3 green draconians
  11 ironbound thunderhulks
  5 eleionomae
  5 vampire knights
  10 black draconians
  10 deep elf demonologists
  A lorocyproca (Depths:1)
  11 yellow draconians
  6 deep elf annihilators (Elf:3)
  A starcursed mass (Abyss:3)
  A bunyip (Swamp:2)
  8 spark wasps
  14 white draconians
  A minotaur (Gauntlet)
  20 dire elephants
  7 red draconians
  28 purple draconians
  9 statues (WizLab)
  Snorg (Lair:4)
  An eidolon (Abyss:3)
  13 fire dragons
  A green death (Abyss:3)
  16 ettins
  3 blizzard demons
  A crystal guardian (Hell)
  11 deep elf death magi
  2 jiangshi (Depths:4)
  5 entropy weavers
  14 yaktaur captains
  14 great orbs of eyes
  11 deep elf high priests
  2 shambling mangroves (Swamp:4)
  Josephine (D:11)
  4 rakshasas
  The ghost of GreedOfGod the Fighter, a journeyman DsGl of Okawaru (D:11)
  A sphinx zombie (Depths:3)
  Erolcha (Orc:1)
  23 hydras
  2 jorogumos (Spider:3)
  35 vault guards
  6 ogre magi
  12 ice dragons
  Erica (Orc:1)
  9 spriggan air magi
  A catoblepas (Lair:3)
  8 alligators
  A merfolk avatar (Lair:5)
  2 radroaches
  8 ironbound frosthearts
  12 centaur warriors
  14 boulder beetles
  15 two-headed ogres
  A naga warrior (Abyss:1)
  16 dancing weapons
  2 orc high priests
  A death scarab (Gauntlet)
  10 demonic crawlers
  9 death yaks
  8 thrashing horrors
  4 deep troll shamans
  7 deep troll earth magi
  8 hell hogs
  8 tengu warriors
  4 spriggan berserkers
  11 sun demons
  3 vampire magi
  Urug (Lair:4)
  23 hell knights
  4 sun moths
  13 deep elf knights
  7 skeletal warriors
  2 crystal echidnas
  3 shadow wraiths
  3 soul eaters (Hell)
  A skyshark (shapeshifter) (Vaults:5)
  2 wretched stars
  A fire crab (shapeshifter) (Vaults:5)
  6 spatial maelstroms (Abyss:3)
  6 pharaoh ants
  A sixfirhy (D:4)
  A death drake (Swamp:4)
  A deep troll (shapeshifter) (Vaults:3)
  A skyshark (Lair:4)
  An anaconda zombie (Hell)
  11 iron trolls
  A shadow demon (Abyss:3)
  8 goliath frogs
  A spectral death yak (Gauntlet)
  49 deep trolls
  9 glowing orange brains
  3 flayed ghosts
  6 spriggan druids
  2 sea snakes (Lair:5)
  8 orb spiders
  An orange crystal statue (Hell)
  12 phantasmal warriors
  8 swamp dragons
  12 lindwurms
  3 bog bodies
  11 harpies
  21 ironbound convokers
  3 steelbarb worms
  An anaconda skeleton (Hell)
  7 wizards
  16 deep elf archers
  15 necromancers
  4 orc knights
  19 deep elf pyromancers
  3 human zombies (Vaults:1)
  17 deep elf zephyrmancers
  An oklob plant (Lair:3)
  7 will-o-the-wisps
  A shining eye (shapeshifter) (Vaults:3)
  40 ugly things
  A stone giant zombie (Vaults:2)
  24 wolf spiders
  8 manticores
  8 cyclopes
  An orc sorcerer (Orc:1)
  8 shining eyes
  3 rust devils
  An elf zombie (Vaults:1)
  A worldbinder (Abyss:3)
  2 eyes of devastation
  Maurice (Orc:1)
  A fire giant skeleton (Vaults:1)
  A frost giant skeleton (Vaults:2)
  An alligator skeleton (Hell)
  4 black mambas
  23 moths of wrath
  A guardian serpent (Abyss:1)
  17 vault sentinels
  An eye of devastation (shapeshifter) (Vaults:3)
  7 elephants
  4 torpor snails
  An orange demon (Depths:2)
  8 smoke demons
  5 ice statues
  A titan simulacrum (Depths:3)
  A rime drake (shapeshifter) (Elf:2)
  4 molten gargoyles (Hell)
  15 cane toads
  3 gargoyles
  31 yaktaurs
  An unseen horror (D:11)
  3 efreet
  6 komodo dragons
  A sea snake zombie (Hell)
  4 freezing wraiths
  20 tengu conjurers
  4 tormentors
  3 rime drakes
  An ancient zyme (Abyss:3)
  2 ice devils (Hell)
  2 red devils (Hell)
  2 human skeletons (Vaults:2)
  4 polar bears
  15 trolls
  2 hellwings (Depths:1)
  3 meliai
  A harpy zombie (Abyss:1)
  3 sea snake skeletons (Hell)
  19 hornets
  A merfolk (shapeshifter) (Vaults:4)
  15 tarantellas
  2 tyrant leeches (Swamp:2)
  A wind drake (Lair:5)
  An ettin zombie (Vaults:2)
  A raiju (shapeshifter) (D:13)
  4 raiju
  19 blink frogs
  7 dream sheep
  A dream sheep (shapeshifter) (Vaults:3)
  39 jumping spiders
  14 culicivoras
  A slime creature (shapeshifter) (Vaults:3)
  A ynoxinul (Depths:2)
  3 air elementals
  15 spriggans
  14 wraiths
  4 flying skulls (Abyss:1)
  90 slime creatures
  4 wyverns
  A stone giant simulacrum (Vaults:2)
  29 yaks
  A hog (shapeshifter) (Elf:2)
  4 shadows
  2 vampires
  3 hogs (D:13)
  A human (shapeshifter) (Elf:3)
  A spriggan (shapeshifter) (Elf:3)
  6 water elementals
  Grum (D:8)
  The ghost of Opifex the Slasher, an amateur DrMo (D:3)
  9 fire bats (D:9)
  A fire elemental (Elf:3)
  4 steam dragons
  2 basilisks
  73 redbacks
  2 chaos spawn
  12 golden eyes
  A golden eye (shapeshifter) (D:15)
  A death yak simulacrum (IceCv)
  5 neqoxecs
  18 vampire mosquitoes
  A warg (Orc:2)
  18 swamp worms
  3 nagas (Abyss:1)
  A glowing shapeshifter zombie (Depths:3)
  12 spatial vortices (Abyss:3)
  9 hell hounds
  A hydra simulacrum (Hell)
  11 water moccasins
  Duvessa (D:5)
  5 large abominations
  An ogre skeleton (Vaults:2)
  5 small abominations
  3 floating eyes
  5 swamp drakes
  An ice beast (D:6)
  A sky beast (D:7)
  20 orc warriors
  4 black bears
  31 ogres
  21 wolves
  14 centaurs
  A phantom (D:6)
  10 kobold brigands
  14 bullfrogs
  A gnoll sergeant (D:12)
  2 scorpions (D:6)
  An earth elemental (Elf:3)
  5 wights (D:8)
  An elephant simulacrum (Lair:2)
  Dowan (D:5)
  9 killer bees (D:9)
  An electric eel (Lair:4)
  5 howler monkeys
  2 quasits (Abyss:1)
  A human simulacrum (Vaults:2)
  An iron imp (Abyss:1)
  3 hounds
  10 jellies
  10 orc priests
  21 orc wizards
  3 iguanas
  A hell rat (Depths:1)
  A wolf simulacrum (IceCv)
  Robin (D:2)
  6 gnolls (D:12)
  20 adders
  3 river rats (Sewer)
  4 white imps
  An ufetubus (Abyss:1)
  6 worms
  3 dart slugs
  66 orcs
  10 ball pythons
  72 bats
  6 endoplasms
  8 giant cockroaches
  14 goblins
  A goblin (shapeshifter) (Vaults:5)
  6 hobgoblins
  31 kobolds
  4 quokkas
  3 training dummies (D:11)
  8 frilled lizards
  4 rats (D:1)
  A lurking horror (Abyss:1)
  A starspawn tentacle (Abyss:1)
2529 creatures vanquished.

Vanquished Creatures (collateral kills)
  the Enchantress (Depths:2)
  A stone giant (Depths:2)
  2 spark wasps
  3 jumping spiders (Spider:1)
  2 culicivoras
  A spriggan (Depths:2)
  3 redbacks
13 creatures vanquished.

Vanquished Creatures (others)
  A golden dragon (Depths:2)
  A death cob (Zot:2)
  A rakshasa (Depths:2)
  A deep elf knight (Vaults:4)
  2 skysharks (Vaults:4)
  A deep troll (Vaults:5)
  A deep elf zephyrmancer (Elf:2)
  A water elemental (Elf:1)
  A human (D:13)
  A golden eye (Slime:4)
  3 hell rats (Hell)
  An orc (Elf:1)
  22 foxfires
  4 starspawn tentacles (Abyss:1)
41 creatures vanquished.

Grand Total: 2583 creatures vanquished

Notes
Turn   | Place    | Note
-------+----------+-------------------------------------------
     0 | D:1      | tensugalgo the Minotaur Brigand began the quest for the
                  | Orb.
     0 | D:1      | Reached XP level 1. HP: 18/18 MP: 0/0
   156 | D:1      | Reached XP level 2. HP: 17/25 MP: 1/1
   835 | D:1      | Reached XP level 3. HP: 31/31 MP: 2/2
   962 | D:2      | Noticed Robin
   988 | D:2      | Killed Robin
  1139 | D:2      | Reached XP level 4. HP: 34/38 MP: 3/3
  1312 | D:2      | Identified the +8 falchion "Ommaloasm" {flame, rElec Will+
                  | rCorr Dex+3}
  1606 | D:3      | Found a runed translucent door.
  1608 | D:3      | Noticed a bullfrog
  1612 | D:3      | Noticed Opifex's ghost (amateur DrMo)
  1688 | D:3      | Found a glowing drain.
  1729 | Sewer    | Entered a sewer
  1846 | Sewer    | Reached XP level 5. HP: 43/46 MP: 4/4
  2199 | Sewer    | Reached skill level 5 in Short Blades
  2530 | D:3      | Found Sogo's Armour Shoppe.
  2961 | D:4      | Reached XP level 6. HP: 53/53 MP: 5/5
  3750 | D:5      | Entered Level 5 of the Dungeon
  3864 | D:5      | Found a staircase to the Ecumenical Temple.
  3899 | Temple   | Found a transporter.
  3899 | Temple   | Found a transporter.
  3899 | Temple   | Found a transporter.
  3899 | Temple   | Found a transporter.
  3899 | Temple   | Entered the Ecumenical Temple
  3914 | Temple   | Became a worshipper of Uskayaw the Reveller
  3950 | D:5      | Reached * piety under Uskayaw
  3951 | D:5      | Reached skill level 5 in Fighting
  3951 | D:5      | Reached XP level 7. HP: 61/61 MP: 6/6
  4054 | D:5      | Reached ** piety under Uskayaw
  4163 | D:5      | Reached *** piety under Uskayaw
  4167 | D:5      | Reached **** piety under Uskayaw
  4387 | D:5      | Noticed Dowan
  4388 | D:5      | Noticed Duvessa
  4394 | D:5      | Killed Duvessa
  4396 | D:5      | Killed Dowan
  4940 | D:5      | Reached skill level 5 in Dodging
  4940 | D:5      | Reached XP level 8. HP: 70/70 MP: 7/7
  5691 | D:6      | Reached skill level 1 in Long Blades
  6576 | D:7      | Found a hazy altar of Hepliaklqana.
  6699 | D:7      | Reached XP level 9. HP: 79/79 MP: 8/8
  7099 | D:8      | Found a shadowy altar of Dithmenos.
  7099 | D:8      | Found an ornate altar of the Wu Jian Council.
  7107 | D:8      | Found a burning altar of Makhleb.
  7109 | D:8      | Found a white marble altar of Elyvilon.
  7366 | D:8      | Noticed Grum
  7376 | D:8      | Killed Grum
  7385 | D:8      | Reached ***** piety under Uskayaw
  7386 | D:8      | Reached skill level 5 in Long Blades
  7662 | D:8      | Noticed a deep elf pyromancer
  7671 | D:8      | Killed a deep elf pyromancer
  7836 | D:8      | Noticed a cyclops
  7839 | D:8      | Killed a cyclops
  7850 | D:8      | Reached XP level 10. HP: 62/91 MP: 9/9
  8033 | D:8      | Paralysed by a hornet for 3 turns
  8787 | D:9      | Identified the +7 lajatang "Leviticus" {antimagic, rPois}
  8792 | D:9      | Noticed a skeletal warrior
  8810 | D:9      | Found Gonehyhu's Changing Room.
  8849 | D:9      | Reached skill level 10 in Fighting
  9008 | D:9      | Noticed a skeletal warrior
  9008 | D:9      | Noticed a skeletal warrior
  9120 | D:8      | Killed a skeletal warrior
  9374 | D:10     | Entered Level 10 of the Dungeon
  9425 | D:10     | Found a snail-covered altar of Cheibriados.
  9442 | D:10     | Reached skill level 1 in Armour
  9720 | D:10     | Noticed a two-headed ogre
  9733 | D:10     | Killed a two-headed ogre
 10245 | D:10     | Found a glowing silver altar of Zin.
 10333 | D:9      | Noticed a centaur warrior
 10341 | D:9      | Killed a centaur warrior
 10342 | D:9      | Reached skill level 1 in Shields
 10342 | D:9      | Reached XP level 11. HP: 97/102 MP: 10/10
 10472 | D:11     | Noticed Josephine
 10742 | D:11     | Killed Josephine
 10743 | D:11     | Reached skill level 10 in Dodging
 10785 | D:11     | Found Vyaxesm's Firing Range.
 11346 | D:11     | Found a runed translucent gate.
 11346 | D:11     | Found a runed translucent gate.
 11346 | D:11     | Found a runed translucent gate.
 11435 | D:11     | Reached skill level 5 in Armour
 11435 | D:11     | Reached skill level 5 in Shields
 11677 | D:11     | Noticed GreedOfGod's ghost (journeyman DsGl)
 11700 | D:12     | Noticed a deep elf pyromancer
 11709 | D:12     | Killed a deep elf pyromancer
 11720 | D:12     | Reached skill level 5 in Throwing
 11964 | D:12     | Noticed a boulder beetle
 11965 | D:12     | Found a portal to a secret trove of treasure.
 11978 | D:12     | Killed a boulder beetle
 12013 | D:12     | Reached ****** piety under Uskayaw
 12219 | D:12     | Found a staircase to the Orcish Mines.
 12225 | D:12     | Reached skill level 1 in Invocations
 12231 | D:12     | Reached skill level 1 in Evocations
 12233 | D:12     | Reached XP level 12. HP: 93/110 MP: 11/11
 12534 | D:12     | Identified the +0 robe of the Rhinotaur {Rampage rElec
                  | Will+ Slay-2}
 12607 | D:12     | Noticed a three-headed hydra
 12612 | D:12     | Killed a one-headed hydra
 12983 | D:13     | Noticed a centaur warrior
 12990 | D:13     | Killed a centaur warrior
 13014 | D:13     | Noticed a boulder beetle
 13031 | D:13     | Killed a boulder beetle
 13145 | D:13     | Found a transporter.
 13145 | D:13     | Found a transporter.
 13171 | D:13     | Found a transporter.
 13171 | D:13     | Found a transporter.
 13256 | D:13     | Noticed a tengu warrior
 13275 | D:13     | Noticed a tengu warrior
 13278 | D:13     | Killed a tengu warrior
 13287 | D:13     | Killed a tengu warrior
 13335 | D:13     | Noticed Kirke
 13354 | D:13     | Killed Kirke
 13444 | D:13     | Found Nuas's Weapon Boutique.
 13458 | D:13     | Noticed a centaur warrior
 13469 | D:13     | Killed a centaur warrior
 13717 | D:13     | Found Vah Alosy's Assorted Antiques.
 13867 | D:13     | Found Bowyn's Magic Scroll Shoppe.
 13916 | D:13     | Found Guran's Antique Armour Shoppe.
 13991 | D:13     | Reached XP level 13. HP: 96/119 MP: 15/15
 13999 | D:13     | Bought an ancient cloak for 294 gold pieces
 13999 | D:13     | Identified the +2 cloak of a Gauntlet {Str+2} (You bought
                  | it in a shop on level 13 of the Dungeon)
 13999 | D:13     | Bought a twisted scale mail for 279 gold pieces
 13999 | D:13     | Identified the +0 scale mail "Qiloog" {rC+ rCorr} (You
                  | bought it in a shop on level 13 of the Dungeon)
 14214 | D:13     | Found a gate to the Vaults.
 14360 | D:14     | Found a gate leading to a gauntlet.
 14365 | Gauntlet | Entered a Gauntlet
 14365 | Gauntlet | Found a transporter.
 14365 | Gauntlet | Found a transporter.
 14365 | Gauntlet | Found a transporter.
 14389 | Gauntlet | Found a transporter.
 14401 | Gauntlet | Found a transporter.
 14402 | Gauntlet | Found a transporter.
 14412 | Gauntlet | Found a transporter.
 14431 | Gauntlet | Found a transporter.
 14446 | Gauntlet | Found a transporter.
 14449 | Gauntlet | Found a transporter.
 14457 | Gauntlet | Found a transporter.
 14460 | Gauntlet | Found a transporter.
 14485 | Gauntlet | Found a runed translucent door.
 14644 | Gauntlet | Reached skill level 5 in Invocations
 14821 | Gauntlet | Noticed a minotaur
 14837 | Gauntlet | Killed a minotaur
 14911 | Gauntlet | Identified the +1 leather armour "Vepu" {+Blink +Inv rCorr
                  | Int-4}
 14912 | Gauntlet | Got the Encyclopedia of Feculent Blasting
 15035 | D:14     | Identified the +2 pair of gloves "Tunas" {+Inv rElec rN+++
                  | Int-4}
 15610 | D:13     | Reached skill level 5 in Evocations
 15924 | D:9      | Found a staircase to the Lair.
 15955 | D:9      | Found a runed translucent door.
 15987 | D:9      | Found a radiant altar of Vehumet.
 16009 | D:9      | Found a hazy altar of Hepliaklqana.
 16032 | D:9      | Found a burning altar of Makhleb.
 16040 | D:9      | Found an ancient bone altar of Kikubaaqudgha.
 16122 | D:9      | Found a broken altar of Ashenzari.
 16168 | D:9      | Found a basalt altar of Yredelemnul.
 16400 | Lair:1   | Entered Level 1 of the Lair of Beasts
 17078 | Lair:1   | Reached skill level 10 in Armour
 17266 | Lair:2   | Found a staircase to the Swamp.
 17369 | Lair:2   | Found a hole to the Spider Nest.
 17462 | Lair:2   | Found a frozen archway.
 17473 | IceCv    | Entered an ice cave
 17487 | IceCv    | Reached XP level 14. HP: 125/129 MP: 17/17
 17498 | IceCv    | Found a transporter.
 17510 | IceCv    | Found a transporter.
 19045 | Lair:3   | Reached skill level 10 in Shields
 19630 | Lair:4   | Noticed Snorg
 19642 | Lair:4   | Killed Snorg
 20099 | Lair:4   | Noticed Urug
 20113 | Lair:4   | Killed Urug
 20944 | Lair:5   | Entered Level 5 of the Lair of Beasts
 21022 | Lair:5   | Found a viscous altar of Jiyva.
 21030 | Lair:5   | Found a staircase to the Slime Pits.
 21517 | Lair:5   | Reached XP level 15. HP: 136/139 MP: 20/20
 22231 | Lair:5   | Noticed Rupert
 22242 | Lair:5   | Killed Rupert
 22243 | Lair:5   | Reached skill level 15 in Fighting
 22311 | Lair:5   | Found a shimmering altar of Xom.
 22822 | Orc:1    | Entered Level 1 of the Orcish Mines
 22831 | Orc:1    | Noticed Erolcha
 22846 | Orc:1    | Killed Erolcha
 22900 | Orc:1    | Found Hic Hel's Antique Armour Shop.
 22925 | Orc:1    | Noticed Maurice
 22931 | Orc:1    | Killed Maurice
 22996 | Orc:1    | Noticed Erica
 23003 | Orc:1    | Killed Erica
 23121 | Orc:2    | Entered Level 2 of the Orcish Mines
 23266 | Orc:2    | Found a staircase to the Elven Halls.
 23326 | Orc:2    | Found Pasod's Antique Weapon Shop.
 23933 | Orc:2    | Found Tuenaut's Assorted Antiques.
 23958 | Orc:2    | Found Userasa's Book Boutique.
 23959 | Orc:2    | Found Zienusku's Weapon Boutique.
 24464 | Orc:2    | Bought a manual of Dodging for 1040 gold pieces
 24470 | Orc:2    | Bought a scroll of teleportation for 78 gold pieces
 24470 | Orc:2    | Bought a scroll of teleportation for 78 gold pieces
 24958 | D:14     | Reached skill level 10 in Long Blades
 25511 | D:15     | Entered Level 15 of the Dungeon
 25711 | D:15     | Reached skill level 10 in Invocations
 25867 | D:15     | Reached XP level 16. HP: 64/149 MP: 13/22
 26333 | D:15     | Found a staircase to the Depths.
 26873 | Spider:1 | Entered Level 1 of the Spider Nest
 28871 | Spider:2 | Reached skill level 10 in Evocations
 30889 | Spider:3 | Noticed Iluol's ghost (adept TrSh)
 30895 | Spider:3 | Found a runed translucent door.
 30981 | Spider:3 | Reached XP level 17. HP: 52/156 MP: 24/24
 32391 | Spider:4 | Entered Level 4 of the Spider Nest
 32400 | Spider:4 | Reached skill level 15 in Shields
 33284 | Spider:4 | Noticed Donald
 33297 | Spider:4 | Killed Donald
 33369 | Spider:4 | Identified the ring "Gafadgh" {rElec AC+4 Slay+3}
 34854 | Spider:4 | Got a gossamer rune of Zot
 35029 | Swamp:1  | Entered Level 1 of the Swamp
 35745 | Swamp:1  | Identified a scroll of acquirement
 35746 | Swamp:1  | Acquired 1006 gold pieces
 35922 | Swamp:2  | Reached skill level 15 in Dodging
 37268 | Swamp:3  | Reached XP level 18. HP: 163/163 MP: 26/26
 38043 | Swamp:4  | Entered Level 4 of the Swamp
 39017 | Swamp:4  | Reached skill level 10 in Throwing
 39561 | Swamp:4  | Got a decaying rune of Zot
 39889 | D:3      | Killed Opifex's ghost
 40125 | D:11     | Killed GreedOfGod's ghost
 40268 | Elf:1    | Entered Level 1 of the Elven Halls
 40550 | Elf:1    | Paralysed by an air elemental for 1 turns
 40551 | Elf:1    | Noticed an Ice Fiend
 40559 | Elf:1    | Noticed a Brimstone Fiend
 40881 | Elf:1    | Found a runed translucent gate.
 40881 | Elf:1    | Found a runed translucent gate.
 40881 | Elf:1    | Found a runed translucent gate.
 40881 | Elf:1    | Found a runed translucent gate.
 40881 | Elf:1    | Found a runed translucent gate.
 40883 | Elf:1    | Found a runed translucent gate.
 41823 | Elf:2    | Found a runed translucent gate.
 41823 | Elf:2    | Found a runed translucent gate.
 41823 | Elf:2    | Found a runed translucent gate.
 41830 | Elf:2    | Noticed a Brimstone Fiend
 41836 | Elf:2    | Noticed Yphese Lihe's ghost (adept MiFi)
 42160 | Elf:2    | Reached XP level 19. HP: 170/170 MP: 27/27
 42470 | Elf:2    | Paralysed by an air elemental for 1 turns
 42631 | Elf:2    | Found a runed translucent gate.
 42639 | Elf:2    | Found a runed translucent gate.
 42639 | Elf:2    | Found a runed translucent gate.
 42644 | Elf:2    | Identified the +4 kite shield of the Bruised Invaders
                  | {-Tele rCorr Slay+5 SInv}
 42644 | Elf:2    | Noticed Asterion
 42668 | Elf:3    | Entered Level 3 of the Elven Halls
 43186 | Elf:3    | Noticed a Tzitzimitl
 43189 | Elf:3    | Noticed a Brimstone Fiend
 43771 | Elf:3    | HP: 1/170 [deep elf master archer/arrow (36)]
 43923 | Elf:3    | Identified the +11 scimitar of Hospitality {distort,
                  | Fragile rElec rN+++ Int+3}
 44114 | Elf:3    | Reached skill level 15 in Invocations
 44547 | Elf:3    | Identified the +9 morningstar of Eternal War {freeze, rPois
                  | rN+}
 45083 | Elf:3    | Got Qeum's Anthology of Unlucky Topology
 45094 | Elf:3    | Identified the +0 pair of boots of Vlad {rF++ Will+ Dex+3
                  | Slay+2}
 45122 | Elf:3    | Identified the +6 falchion of Gemum {freeze, Str+5}
 45455 | Vaults:1 | Entered Level 1 of the Vaults
 46419 | Vaults:1 | Reached XP level 20. HP: 116/179 MP: 31/31
 48879 | Vaults:2 | You fall into a shaft and drop 2 floors!
 48879 | Vaults:4 | Found Giequler's Armour Shoppe.
 48944 | Vaults:4 | Found a magical portal.
 48953 | WizLab   | Entered Iskenderun's Mystic Tower
 50649 | WizLab   | Got Iskenderun's Compendium of Percussion
 50697 | WizLab   | Identified the +0 robe of the Curupira {rF+ Str+3}
 50793 | Vaults:4 | Reached XP level 21. HP: 162/191 MP: 33/33
 51400 | Vaults:3 | Paralysed by a floating eye for 2 turns
 51405 | Vaults:3 | Paralysed by a floating eye for 3 turns
 51618 | Vaults:3 | Found a staircase to the Crypt.
 53476 | Vaults:4 | Noticed an ancient lich
 53502 | Vaults:4 | Killed an ancient lich
 53877 | Vaults:4 | Found Gyownub's Antique Armour Shoppe.
 54289 | Vaults:4 | Noticed Norris
 54305 | Vaults:4 | Killed Norris
 54919 | Depths:1 | Entered Level 1 of the Depths
 55725 | Depths:1 | Identified the +1 lajatang of Catizy {heavy, Will+ Stlth+}
 55816 | Depths:1 | Identified the +0 leather armour "Raukoq" {Dex+3}
 55847 | Depths:1 | Reached XP level 22. HP: 186/204 MP: 35/35
 56022 | Depths:1 | Noticed a golden dragon
 56033 | Depths:1 | Killed a golden dragon
 56735 | Depths:1 | Found an iron altar of Okawaru.
 56903 | Depths:1 | Found a gateway to Hell.
 57324 | Depths:2 | Noticed the Enchantress
 57340 | Depths:2 | Killed the Enchantress
 57351 | Depths:2 | HP: 5/206 [spriggan air mage/the air[the Enchantress] (32)]
 57805 | Depths:2 | Noticed a golden dragon
 57816 | Depths:2 | Identified the ring of Inuzu {Fly rPois rCorr Int-4 SInv}
 57818 | Depths:2 | Killed a golden dragon
 57825 | Depths:2 | Found a one-way gate leading to the halls of Pandemonium.
 58180 | Depths:2 | Identified the +10 long sword of Zuihi {spect, Fragile
                  | +Blink rN+++ Int-5}
 58573 | Depths:2 | You fall into a shaft and drop 1 floor!
 58775 | Depths:2 | Found a one-way gate to the infinite horrors of the Abyss.
 58812 | Depths:2 | Found a sacrificial altar of Ru.
 59111 | Depths:2 | Found a hazy altar of Hepliaklqana.
 60230 | Depths:3 | Reached XP level 23. HP: 187/215 MP: 37/37
 60752 | Depths:3 | Noticed an ancient lich
 60779 | Depths:3 | Killed an ancient lich
 61238 | Depths:4 | Entered Level 4 of the Depths
 61349 | Depths:4 | Found a one-way gateway to a ziggurat.
 62515 | Depths:4 | Found a gate to the Realm of Zot.
 63185 | Vaults:5 | Entered Level 5 of the Vaults
 64521 | Vaults:5 | Identified the ring of Lugonu's Whim {rElec rPois rCorr
                  | Int-5 Dex+3}
 64521 | Vaults:5 | Noticed Frederick
 64533 | Vaults:5 | Killed Frederick
 64767 | Vaults:5 | Identified the staff "Jauch" {rElec Str+6 Int-3 SInv Earth}
 64791 | Vaults:5 | Reached XP level 24. HP: 228/228 MP: 37/37
 64925 | Vaults:5 | Noticed Boris
 64957 | Vaults:5 | Killed Boris
 65274 | Vaults:5 | Identified the staff "Borgheckoo" {+Blink rF+ rC+ Str-5
                  | Ice}
 65472 | Vaults:5 | Identified the ring of Hedonism {Fly rPois}
 65552 | Vaults:5 | Identified the +7 arbalest "Naosun" {antimagic, Str+3}
 65587 | Vaults:5 | Identified the +3 plate armour of Chill Winds {rF+ rC+
                  | Dex-5}
 65652 | Vaults:5 | Got the Directory of Viperous Changes
 65940 | Vaults:5 | Got a silver rune of Zot
 66172 | Vaults:5 | Noticed Margery
 66185 | Vaults:5 | Killed Margery
 66828 | Slime:1  | Entered Level 1 of the Pits of Slime
 67007 | Slime:1  | Learned a level 2 spell: Blink
 67010 | Slime:1  | Learned a level 2 spell: Lesser Beckoning
 69078 | Slime:5  | Entered Level 5 of the Pits of Slime
 69078 | Slime:5  | Found the +8 orange crystal plate armour {Archmagi, Int+3
                  | Clar}
 69079 | Slime:5  | Found a viscous altar of Jiyva.
 69112 | Slime:5  | Gained mutation: Your spells are a little easier to cast,
                  | but a little less powerful. [a shining eye]
 69477 | Slime:5  | Noticed the Royal Jelly
 69492 | Slime:5  | the Royal Jelly changed into an iron dragon shaped Royal
                  | Jelly
 69492 | Slime:5  | Noticed an iron dragon shaped Royal Jelly
 69750 | Slime:5  | Found the macabre finger necklace {Finger+ rN+}
 69828 | Slime:5  | Killed an iron dragon shaped Royal Jelly
 70007 | Slime:5  | Identified the +1 leather armour "Zekuwkui" {rElec Str+5
                  | Dex+3}
 70012 | Slime:5  | Got a slimy rune of Zot
 70021 | Slime:5  | Identified the +1 pair of gloves "Ugux" {rF+ Str+2}
 70170 | Slime:5  | Identified the ring "Aluttizi" {rF+ Will+ rCorr MP+9 Str+3}
 70264 | Slime:5  | Identified the staff "Fiawk" {Str+3 Earth}
 71208 | Depths:2 | Voluntarily entered the Abyss.
 71216 | Abyss:1  | Found a corrupted altar of Lugonu.
 72095 | Abyss:3  | Got an abyssal rune of Zot
 72167 | Depths:2 | Escaped the Abyss
 72172 | Depths:2 | Reached XP level 25. HP: 140/240 MP: 38/38
 72508 | D:12     | You showed the abyssal rune of Zot to enter a treasure
                  | trove
 72509 | Trove    | Entered a treasure trove
 72520 | Trove    | Identified the +14 crystal plate armour "Baifacre" {rElec
                  | rPois Str-2}
 72529 | Trove    | Identified the +1 crystal plate armour "Genetirr" {rPois
                  | rC+}
 72530 | Trove    | Identified the +0 tower shield "Bustrate" {rElec}
 72531 | Trove    | Identified the +0 chain mail "Sivinas" {*Corrode rC+ Dex+3}
 72534 | Trove    | Identified the scarf "Waungath" {harm, Dex+6 Slay+2}
 72541 | Trove    | Identified the +15 crystal plate armour of Patience {+Blink
                  | Dex+3}
 72543 | Trove    | Identified the +2 hat "Yttases" {Harm Will+++ Int-4}
 72796 | Hell     | Entered the Vestibule of Hell
 72796 | Hell     | Noticed Geryon
 73013 | Hell     | Killed Geryon
 74138 | Hell     | Found a gateway to the ashen valley of Gehenna.
 74390 | Hell     | Found a gateway to the decaying netherworld of Tartarus.
 74573 | Hell     | Found a gateway to the Iron City of Dis.
 74726 | Hell     | Found a gateway to the freezing wastes of Cocytus.
 75050 | Zot:1    | Entered Level 1 of the Realm of Zot
 76909 | Zot:2    | Identified the ring "Erghep" {rF+ Int+2}
 76920 | Zot:1    | Reached skill level 27 in Invocations
 78333 | Zot:3    | Reached XP level 26. HP: 142/259 MP: 39/39
 80572 | Zot:4    | Reached skill level 27 in Fighting
 81022 | Zot:4    | Identified the ring "Boequg" {Fire Will- MP-9 Dex+6}
 81377 | Zot:5    | Entered Level 5 of the Realm of Zot
 81793 | Zot:5    | Found Ninkof's CLEARANCE SALE!.
 82403 | Zot:5    | Reached skill level 15 in Armour
 82470 | Zot:5    | Noticed an orb of fire
 82470 | Zot:5    | Noticed an orb of fire
 82475 | Zot:5    | Killed an orb of fire
 82482 | Zot:5    | Gained mutation: Your spells are easier to cast, but less
                  | powerful. [an orb of fire]
 82497 | Zot:5    | Gained mutation: You have hidden genetic defects. [an orb
                  | of fire]
 82499 | Zot:5    | Gained mutation: You occasionally lose the ability to drink
                  | potions when taking damage. [an orb of fire]
 82501 | Zot:5    | Killed an orb of fire
 82509 | Zot:5    | Noticed an orb of fire
 82511 | Zot:5    | Killed an orb of fire
 82571 | Zot:5    | Noticed an orb of fire
 82764 | Zot:5    | Lost mutation: You have hidden genetic defects. [potion of
                  | mutation]
 82764 | Zot:5    | Lost mutation: You occasionally lose the ability to drink
                  | potions when taking damage. [potion of mutation]
 82764 | Zot:5    | Lost mutation: Your spells are easier to cast, but less
                  | powerful. [potion of mutation]
 82764 | Zot:5    | Gained mutation: You are frail. (-10% HP) [potion of
                  | mutation]
 82765 | Zot:5    | Noticed an orb of fire
 82766 | Zot:5    | Gained mutation: You are vulnerable to cold. (rC-) [an orb
                  | of fire]
 82767 | Zot:5    | Gained mutation: You sometimes lose your temper in combat.
                  | [an orb of fire]
 82772 | Zot:5    | Gained mutation: Armour fits poorly on your strangely
                  | shaped body. [an orb of fire]
 82781 | Zot:5    | Killed an orb of fire
 82808 | Zot:5    | Lost mutation: Your spells are a little easier to cast, but
                  | a little less powerful. [potion of mutation]
 82808 | Zot:5    | Lost mutation: You are frail. (-10% HP) [potion of
                  | mutation]
 82808 | Zot:5    | Gained mutation: Your movements are slightly less
                  | encumbered by armour. (ER -2) [potion of mutation]
 82809 | Zot:5    | Lost mutation: You are vulnerable to cold. (rC-) [potion of
                  | mutation]
 82809 | Zot:5    | Lost mutation: Armour fits poorly on your strangely shaped
                  | body. [potion of mutation]
 82809 | Zot:5    | Gained mutation: You are clumsy. (Dex -2) [potion of
                  | mutation]
 82809 | Zot:5    | Gained mutation: You occasionally lose the ability to drink
                  | potions when taking damage. [potion of mutation]
 82810 | Zot:5    | Lost mutation: You sometimes lose your temper in combat.
                  | [potion of mutation]
 82810 | Zot:5    | Lost mutation: You occasionally lose the ability to drink
                  | potions when taking damage. [potion of mutation]
 82810 | Zot:5    | Gained mutation: You have sharp fingernails. [potion of
                  | mutation]
 82810 | Zot:5    | Lost mutation: You are clumsy. (Dex -2) [potion of
                  | mutation]
 82810 | Zot:5    | Gained mutation: Your mind is acute. (Int +4, Str/Dex -1)
                  | [potion of mutation]
 83035 | Zot:5    | Killed an orb of fire
 83127 | Zot:5    | Noticed a dread lich
 83138 | Zot:5    | Noticed a dread lich
 83145 | Zot:5    | Killed a dread lich
 83180 | Zot:5    | Noticed an orb of fire
 83194 | Zot:5    | Killed an orb of fire
 83524 | Zot:5    | Reached XP level 27. HP: 261/273 MP: 39/39
 83532 | Zot:5    | Noticed an orb of fire
 83533 | Zot:5    | Killed an orb of fire
 83779 | Zot:5    | Killed a dread lich
 84013 | Zot:5    | Got the Orb of Zot
 84125 | Depths:3 | Noticed Diabepp the pandemonium lord
 84141 | Depths:2 | Killed Diabepp the pandemonium lord
 84419 | D:5      | Noticed an ancient lich
 84576 | D:$      | Escaped with the Orb!

Illustrated notes

Levels and vault maps discovered:
D:1:      arrival_zaba_pyramid, layout_basic
D:2:      layout_rooms, uniq_robin
D:3:      layout_loops_cross, serial_shops, shop, gup_sewer_entry_glass,
          ebering_ghost_sewer_d
D:4:      layout_loops_ring, minmay_goblin_kobold_house
D:5:      layout_layer_cave, minmay_temple_entry_sparse_star, serial_glass,
          glass_columns_c, glass_columns_a, glass_columns_b, glass_columns_a,
          glass_columns_a, glass_columns_b, kennysheep_generic_room_14,
          uniq_duvessa
D:6:      layout_loops_corners
D:7:      layout_basic, kennysheep_little_box
D:8:      minmay_distorted_concentric_squares, layout_basic,
          nicolae_overflow_macrodata_refinement, uniq_grum
D:9:      due_megacathedral, layout_rooms, lair_entry_dummy, chequers_arboretum,
          nicolae_transmutations_shop, hangedman_decor_slide_cut
D:10:     layout_grid_maze, zin_statuary,
          mainiacjoe_overflow_concentric_impassable
D:11:     layout_irregular_city, gammafunk_ghost_spectres,
          nicolae_shop_firing_range, uniq_josephine
D:12:     layout_cave_pods, kennysheep_orc_monster_closet_entryway,
          nicolae_trove_entry_free_sample, serial_column_ruins,
          column_ruins_columns_dead_end, column_ruins_open_medium,
          column_ruins_open_tiny, column_ruins_corridor_dead_end,
          hangedman_ranch
D:13:     cheibrodos_elevator_heist, layout_loops_corners, david_vaults_4,
          serial_glass, glass_columns_c, glass_columns_a, glass_columns_c,
          glass_columns_b, serial_shops, shop, nicolae_shop_tiny_glass,
          nicolae_shop_bloodbath_and_beyond, nicolae_lakefront_shop,
          nicolae_diode_quadrants, uniq_kirke
D:14:     layout_long_grid, hangedman_decor_lopped, gauntlet_entry_generic
D:15:     hellmonk_depths_entry_around_the_bend, layout_rooms,
          hangedman_abyss_or_decor_stabs
Temple:   hellmonk_temple_divided_pantheon
Lair:1:   layout_regular_city, chequers_serial_rivers_micro_c,
          grunt_megastairs_5, lemuel_fruit_tree
Lair:2:   layout_cave_pods, swamp_mist, spider_nest_entry_webs,
          portal_ice_cave_entry_ice_simulacra, serial_bayou_pond_d,
          chequers_serial_rivers_marsh
Lair:3:   layout_regular_city, forest_entry_grove
Lair:4:   layout_regular_city, grunt_megastairs_3, serial_bayou_shore_a,
          uniq_urug, uniq_snorg
Lair:5:   gammafunk_lair_ancient_temple, layout_loops_ring,
          nicolae_slime_entry_field_trip, basic_altar, lemuel_fruit_fields,
          uniq_rupert
Swamp:1:  layout_basic_swamp, nicolae_swamp_triple_paths, swamp_pool2
Swamp:2:  layout_basic_swamp, infiniplex_staircase_pool_2, swamp_pool1,
          nzn_swamp_dancing_lights
Swamp:3:  layout_basic_swamp, nicolae_swamp_trees_clearing, swamp_pool3,
          hangedman_swamp_blocks
Swamp:4:  swamp_alternative, layout_basic_swamp
Spider:1: layout_spider_delve, guppyfry_spider_mini_1
Spider:2: layout_spider_delve
Spider:3: layout_spider_delve, hellmonk_ghost_happy_afterlife, drop_trap,
          nicolae_spider_rock_and_or_roll
Spider:4: spider_rune_water, guppyfry_spider_mini_2, uniq_donald
Slime:1:  layout_caves
Slime:2:  layout_caves
Slime:3:  layout_caves
Slime:4:  layout_caves
Slime:5:  slime_pit_nicolae_jellycorners
Orc:1:    layout_diamond_mine, serial_shops, shop, kennysheep_orc_chapel,
          uniq_erolcha, uniq_erica, uniq_maurice
Orc:2:    st_orc_open, layout_diamond_mine, basic_altar
Elf:1:    minmay_elf_arrival_circle, layout_geoelf_octagon, orc_legates
Elf:2:    nicolae_elf_blades_crystal_corner, layout_geoelf_octagon,
          ebering_ghost_rock_garden, uniq_asterion, uniq_agnes, uniq_saint_roka
Elf:3:    minmay_elf_hall_circle, layout_gridlike, grunt_ministairs_13
Vaults:1: nicolae_vaults_lightning_bolt, hangedman_vaults_variations,
          vaults_room_stairs_pillars, ontoclasm_vaults_idyll, v_rooms_2,
          nicolae_vaults_network_quinsquares
          [nicolae_vaults_network_quincunx_subvault,
          nicolae_vaults_network_quincunx_subvault,
          nicolae_vaults_network_quincunx_subvault,
          nicolae_vaults_network_quincunx_subvault],
          nicolae_vaults_network_periphery, v_misc_16, v_misc_27,
          nicolae_vaults_two_Ls, vaults_dpeg_doors, ontoclasm_vaults_chip,
          nicolae_vaults_theta, nicolae_vaults_antechamber_and_loot_room,
          nicolae_vaults_variable_pillar_hall, layout_vaults_omnibox
Vaults:2: nicolae_vaults_inception_scallops, nicolae_vaults_closet_pinwheel_5,
          nicolae_vaults_lopsided_apartments, ontoclasm_vaults_gateway,
          ontoclasm_vaults_hangar, v_misc_2, nicolae_vaults_circle_grid_b,
          nicolae_vaults_diamond_2, ontoclasm_vaults_loading_screen,
          nicolae_vaults_double_plus_2, hangedman_vaults_maws,
          layout_vaults_ring
Vaults:3: hangedman_vaults_stretched_pinwheel, nicolae_vaults_shrinking_rooms_1,
          nicolae_vaults_tetromino_L_2, nicolae_vaults_cochlea,
          nicolae_vaults_loss_of_containment, minmay_crypt_entry_simple_statues,
          nicolae_vaults_turnstiles, nicolae_vaults_hexular_roomagon,
          nicolae_vaults_two_Ls, layout_vaults_chaotic_city
Vaults:4: mu_enter_wizlab_4, nicolae_vaults_offset_grid_hallway_1,
          nicolae_vaults_disjoint_gnomons, ontoclasm_vaults_gallery,
          vaults_dpeg_ring, nicolae_vaults_taking_the_gang_shopping,
          ontoclasm_vaults_eye, ontoclasm_vaults_tryst,
          vaults_dpeg_encased_lava, vaults_mumra_minichess,
          nicolae_vaults_closet_pinwheel_3, v_misc_23, grunt_vaults_funnel,
          layout_vaults_maze, serial_shops, shop, uniq_norris
Vaults:5: uniq_margery, uniq_frederick, uniq_boris
Depths:1: minmay_crescents, layout_gridville, hangedman_tar_grid_catacomb,
          chequers_serial_rivers_room_b, okawaru_altar_gauntlet_db
Depths:2: minmay_the_grid_3x3 [minmay_the_grid_gridbox, minmay_the_grid_rooms,
          minmay_the_grid_doors, minmay_the_grid_square_x,
          minmay_the_grid_diamond_grid, minmay_the_grid_box_x,
          minmay_the_grid_aliased_spiral, minmay_the_grid_spikes,
          minmay_the_grid_prize_four_corners_diamond_b], layout_cave_shapes,
          hell_entry, nicolae_ru_sacrificial_ziggurat, rand_demon_pan_entry_3,
          hangedman_abyss_entry_splay, nicolae_hepliaklqana_hippocampus,
          uniq_enchantress
Depths:3: cell_vault, layout_long_grid, abyss_entry,
          pf_vacation_house_of_asmodeus, kennysheep_doodads,
          minmay_staircase_bubble
Depths:4: evilmike_zot_entry_basic, layout_basic, enter_ziggurat_a, hex_medium,
          grunt_hell_entry_dis_mu, serial_bayou_pond_b
Hell
Zot:1:    layout_cathedral_of_symmetry
Zot:2:    layout_onion_interference
Zot:3:    layout_gridlike
Zot:4:    layout_gridlike, grunt_ministairs_11
Zot:5:    layout_gridlike, drop_trap, nicolae_shop_clearance

Skill      XL: |  1  2  3  4  5  6  7  8  9 10 11 12 13 14 15 16 17 18 19 20 21 22 23 24 25 26 27 |
---------------+----------------------------------------------------------------------------------+-----
Short Blades   | 3 4 5 6 7 8 |  8.9
Fighting       | 3 4 5 6 7 9 11 12 13 14 15 17 18 20 21 22 25 27 | 27.0
Dodging        | 2 3 4 5 6 8 9 11 12 13 14 16 20 21 22 23 24 25 | 25.2
Long Blades    | 3 6 7 11 13 | 13.8
Armour         | 3 6 8 10 20 21 | 21.6
Throwing       | 3 6 8 11 12 | 12.0
Shields        | 1 7 9 11 12 14 16 | 16.0
Invocations    | 1 4 6 8 10 11 12 16 18 20 22 23 25 27 | 27.0
Evocations     | 1 4 5 7 9 10 12 | 12.0
Stealth        | |  3.2

Action                     |  1- 3 |  4- 6 |  7- 9 | 10-12 | 13-15 | 16-18 | 19-21 | 22-24 | 25-27 || total
---------------------------+-------+-------+-------+-------+-------+-------+-------+-------+-------++-------
  Melee: Dagger            |    81 |    19 |       |       |       |       |       |       |       ||   100
         Headbutt          |    18 |    24 |    34 |   110 |   404 |   520 |   586 |   849 |   815 ||  3360
         Falchion          |       |   130 |   190 |   465 |  1343 |  1720 |  1631 |  1799 |       ||  7278
         Punch             |       |       |     2 |     8 |       |       |       |       |       ||    10
         Quick blade       |       |       |       |       |       |       |       |   307 |  1938 ||  2245
  Throw: Dart              |       |       |       |    11 |     2 |       |       |       |       ||    13
         Boomerang         |       |       |       |       |    18 |   153 |    25 |    72 |   128 ||   396
         Javelin           |       |       |       |       |       |     4 |     4 |    16 |     2 ||    26
 Invoke: Grand Finale      |       |       |       |       |     3 |     6 |     1 |     5 |     8 ||    23
         Line Pass         |       |       |       |       |     2 |     3 |     2 |       |     2 ||     9
         Stomp             |       |       |       |       |     1 |    10 |    18 |    12 |     6 ||    47
  Evoke: Phial of floods   |       |       |       |       |     1 |       |     2 |     2 |       ||     5
         Sack of spiders   |       |       |       |       |       |     3 |     1 |     1 |     1 ||     6
         Wand              |       |       |       |       |       |     3 |     5 |    13 |     1 ||    22
         Lightning rod     |       |       |       |       |       |       |     2 |       |       ||     2
         Phantom mirror    |       |       |       |       |       |       |       |       |     2 ||     2
         Condenser vane    |       |       |       |       |       |       |       |       |     1 ||     1
    Use: Scroll            |       |     5 |     1 |     4 |     9 |    11 |     5 |     9 |     7 ||    51
         Potion            |       |       |       |     1 |       |     2 |     6 |     5 |     9 ||    23
   Stab: Sleeping          |     5 |     7 |     6 |     3 |     7 |     4 |       |     5 |     5 ||    42
         Distracted        |     1 |       |       |     1 |     3 |     4 |       |     1 |     1 ||    11
         Paralysed         |       |       |    13 |    34 |   133 |   212 |   224 |   304 |   125 ||  1045
         Confused          |       |       |       |       |       |     2 |     4 |       |     4 ||    10
 Armour: Robe              |     9 |       |       |       |       |       |       |       |       ||     9
         Ring mail         |    41 |   118 |    93 |    85 |       |       |       |       |       ||   337
         Troll leather arm |       |       |       |   180 |   119 |       |       |       |       ||   299
         Scale mail        |       |       |       |       |    43 |       |       |       |       ||    43
         Leather armour    |       |       |       |       |   313 |   417 |       |       |       ||   730
         Chain mail        |       |       |       |       |       |   507 |   561 |    88 |       ||  1156
         Acid dragon scale |       |       |       |       |       |       |       |   462 |   463 ||   925
         Crystal plate arm |       |       |       |       |       |       |       |       |   111 ||   111
  Dodge: Dodged            |    46 |   104 |   109 |   365 |   652 |   933 |   531 |  1150 |   884 ||  4774
  Block: Other             |       |     1 |    43 |   103 |     1 |       |       |       |       ||   148
         Reflection        |       |       |     4 |     3 |     7 |    17 |    44 |    21 |    10 ||   106
         Kite shield       |       |       |       |       |   863 |  1146 |   675 |   937 |   641 ||  4262

Table legend: (Time is in decaauts)
 A = Elapsed time spent in this place.
 B = Non-inter-level travel time spent in this place.
 C = Inter-level travel time spent in this place.
 D = Time resting spent in this place.
 E = Time spent auto-exploring this place.
 F = Levels seen in this place.
 G = Mean time per level.
                   A        B        C        D        E       F      G
               +--------+--------+--------+--------+--------+-----+--------+
         Total |  82848 |  76310 |   6538 |  15374 |  45945 |  62 | 1336.3 |
       Dungeon |  19024 |  15898 |   3126 |    935 |  11884 |  15 | 1268.3 |
        Temple |     30 |     23 |      7 |      0 |      0 |   1 |   30.0 |
          Lair |   7028 |   6418 |    610 |    720 |   4400 |   5 | 1405.6 |
         Swamp |   4744 |   4632 |    112 |    625 |   3246 |   4 | 1186.0 |
   Spider Nest |   7388 |   7012 |    376 |   1837 |   3774 |   4 | 1847.0 |
    Slime Pits |   3512 |   3340 |    172 |    592 |   1932 |   5 |  702.4 |
  Orcish Mines |   2112 |   1759 |    353 |    356 |   1032 |   2 | 1056.0 |
   Elven Halls |   4948 |   4792 |    156 |   1992 |   1996 |   3 | 1649.3 |
        Vaults |  10715 |  10012 |    703 |   1268 |   6891 |   5 | 2143.0 |
        Depths |   9338 |   8712 |    626 |   2820 |   4381 |   4 | 2334.5 |
          Hell |    911 |    888 |     23 |      4 |    526 |   1 |  911.0 |
           Zot |   8774 |   8504 |    270 |   2830 |   4272 |   5 | 1754.8 |
         Abyss |    893 |    893 |      0 |      6 |    489 |   3 |  297.7 |
         Trove |     42 |     42 |      0 |      0 |      0 |   1 |   42.0 |
         Sewer |    916 |    916 |      0 |     99 |    608 |   1 |  916.0 |
      Ice Cave |    173 |    173 |      0 |      0 |     94 |   1 |  173.0 |
        Wizlab |   1728 |   1728 |      0 |   1078 |    289 |   1 | 1728.0 |
      Gauntlet |    563 |    563 |      0 |    209 |    128 |   1 |  563.0 |
               +--------+--------+--------+--------+--------+-----+--------+

Top non-repeatable levels by time:
Depths:1: 3437 daAuts
   Zot:1: 2752 daAuts
   Elf:3: 2551 daAuts
   Zot:5: 2524 daAuts
Vaults:4: 2506 daAuts
Spider:4: 2391 daAuts
Vaults:1: 2380 daAuts
Depths:3: 2361 daAuts
Vaults:5: 2280 daAuts
Depths:2: 2205 daAuts
Spider:2: 1997 daAuts
    D:13: 1871 daAuts
  Lair:5: 1804 daAuts
Vaults:3: 1798 daAuts
  Lair:2: 1787 daAuts
